 Dungeon Crawl Stone Soup version 0.15-a0-1968-gb423ccb (webtiles) character file.

180 Charly the Gusty (level 5, 0/28 HPs)
             Began as a Tengu Air Elementalist on July 10, 2014.
             Succumbed to a kobold's poison
             ... on Level 5 of the Dungeon.
             The game lasted 00:19:47 (1502 turns).

Charly the Gusty (Tengu Air Elementalist)           Turns: 1502, Time: 00:19:48

HP   0/28        AC  4     Str  9      XL: 5   Next: 60%
MP  12/12        EV 15     Int 16      God:
Gold 128         SH  0     Dex 14      Spells:  5 memorised,  0 levels left

rFire  + . .     SeeInvis .     h - +1 dagger (speed)
rCold  + . .     Clarity  .     a - +0 robe
rNeg   . . .     rCorr    .     (no shield)
rPois  +         rRot     .     g - +2 hat
rElec  +         Spirit   .     (no cloak)
SustAb .         Warding  .     (no gloves)
rMut   .         Stasis   .     (boots unavailable)
Gourm  .                        (no amulet)
MR     .....                    (no ring)
                                (no ring)

@: lethally poisoned, resistant, flying quickly and evasively, very slightly
contaminated, repel missiles, invisible, quick, not resistant to hostile
enchantments, unstealthy
A: able to fly, beak, talons 3
a: no special abilities


You were on level 5 of the Dungeon.
You were very hungry.

You visited 1 branch of the dungeon, and saw 5 of its levels.

You collected 128 gold pieces.

Inventory:

Hand weapons
 h - a +1 dagger of speed (weapon)
Missiles
 n - 19 poisoned needles
 q - 3 curare-tipped needles
Armour
 a - a +0 robe (worn)
 g - a +2 hat (worn)
Magical devices
 f - a wand of paralysis (10)
Comestibles
 c - 3 bread rations
 k - a beef jerky
 l - 2 meat rations
 r - a royal jelly
Scrolls
 i - 2 scrolls of remove curse
 t - a scroll of fog {unknown}
Potions
 d - a potion of magic
 e - a potion of cure mutation
Books
 b - a book of Air

   Spells                             Type                      Level
   *Shock                             Conjuration/Air              1
   *Swiftness                         Charms/Air                   2
   *Repel Missiles                    Charms/Air                   2
   Flight                             Charms/Air                   3
   Static Discharge                   Conjuration/Air              3
   Lightning Bolt                     Conjuration/Air              5
 m - a book of Necromancy

   Spells                             Type                      Level
   Pain                               Necromancy                   1
   *Animate Skeleton                  Necromancy                   1
   Vampiric Draining                  Necromancy                   3
   *Regeneration                      Charms/Necromancy            3
   Animate Dead                       Necromancy                   4
   Control Undead                     Necromancy                   4


   Skills:
 - Level 2.1 Dodging
 - Level 2.0 Stealth
 + Level 2.8 Spellcasting
 - Level 1.3 Conjurations
 * Level 0.2 Charms
 * Level 1.6 Necromancy
 + Level 6.9 Air Magic


You couldn't memorise any spells.
You knew the following spells:

 Your Spells              Type           Power        Failure   Level  Hunger
a - Animate Skeleton      Necr           N/A          12%         1    #......
b - Regeneration          Chrm/Necr      #.........   38%         3    ###....
q - Swiftness             Chrm/Air       ##......     10%         2    ##.....
r - Repel Missiles        Chrm/Air       ##....       10%         2    ##.....
s - Shock                 Conj/Air       ###.         4%          1    #......


Dungeon Overview and Level Annotations

Branches:
Dungeon (5/15)
 Temple: D:4-7

Altars:

Annotations:
D:3 Ijyb
D:4 Dowan, Duvessa, Grinder


Innate Abilities, Weirdness & Mutations

You can fly.
You have a beak for a mouth.
You have claws for feet.


Message History

As you read the scroll labeled RAIBE THEAWKIU, it crumbles to dust.
It was a scroll of blinking.
Found a plate armour.
* * * LOW HITPOINT WARNING * * *
You feel sick.
Drink which item? (? for menu, Esc to quit)
Okay, then.
Found a metallic black potion and a bread ration.
* * * LOW HITPOINT WARNING * * *
You feel sick.
* * * LOW HITPOINT WARNING * * *
You feel sick.
You see here a metallic black potion.
j - a metallic black potion
* * * LOW HITPOINT WARNING * * *
You feel sick.
Drink which item? (? for menu, Esc to quit)
You feel slightly nauseous.
It was a potion of poison.
An ogre comes into view. It is wielding a giant spiked club.
You die...

...# #.#.#.# ...#.# #
..##..#.#.#
..##.....#.#.
.......#.....
%..###......###
...##..#.....######
####...#..#.....@....#
.#.#.#.#..#.###.####.#
...................#
[#.#.#.#.##.#.#....#
............#.#.####
.#.#.#.#....# #.O
.[.......##.# ###
.#.#.#.#....#
........#...#


There were no monsters in sight!

Vanquished Creatures
  An ogre (D:4)
  A hound (D:4)
  An adder (D:5)
  2 worms (D:3)
  2 giant geckos
  2 oozes
  7 bats
  3 giant cockroaches
  5 goblins
  A hobgoblin (D:1)
  2 kobolds
  A ball python (D:3)
  A giant newt (D:1)
  A rat (D:3)
30 creatures vanquished.

Notes
Turn   | Place    | Note
--------------------------------------------------------------
     0 | D:1      | Charly, the Tengu Air Elementalist, began the quest for the Orb.
     0 | D:1      | Reached XP level 1. HP: 10/10 MP: 3/3
   135 | D:1      | Reached XP level 2. HP: 6/15 MP: 0/5
   139 | D:1      | Learned a level 2 spell: Swiftness
   142 | D:1      | Learned a level 2 spell: Repel Missiles
   330 | D:1      | Reached skill level 5 in Air Magic
   674 | D:3      | Reached XP level 3. HP: 19/19 MP: 0/7
   679 | D:3      | Learned a level 1 spell: Animate Skeleton
   855 | D:3      | Noticed Ijyb
  1106 | D:4      | Noticed an ogre
  1229 | D:4      | Noticed an ogre
  1277 | D:4      | Killed an ogre
  1277 | D:4      | Reached skill level 1 in Necromancy
  1277 | D:4      | Reached skill level 6 in Air Magic
  1277 | D:4      | Reached XP level 4. HP: 13/24 MP: 0/9
  1277 | D:4      | Reached XP level 5. HP: 15/28 MP: 0/11
  1296 | D:4      | Learned a level 3 spell: Regeneration
  1388 | D:4      | Noticed Duvessa
  1388 | D:4      | Noticed Dowan
  1388 | D:4      | Noticed Grinder
  1433 | D:5      | Entered Level 5 of the Dungeon
  1493 | D:5      | HP: 1/28 [poisoned by a kobold]
  1499 | D:5      | Noticed an ogre
  1502 | D:5      | Succumbed to a kobold's poison

Action                   |  1- 3 |  4- 6 || total
-------------------------+-------+-------++-------
Melee: Unarmed           |    11 |       ||    11
       Dagger            |    41 |    14 ||    55
 Cast: Shock             |    49 |     6 ||    55
       Swiftness         |     3 |     1 ||     4
       Repel Missiles    |     1 |       ||     1
Evoke: Wand              |       |     1 ||     1
  Use: Scroll            |     6 |     1 ||     7
       Potion            |       |     5 ||     5
 Stab: Sleeping          |     1 |       ||     1
  Eat: Chunk             |     2 |       ||     2
